 Dungeon Crawl Stone Soup version 0.27.1-1-g398f81649c (webtiles) character file.

Game seed: 2468121323265843207

248 acemry the Changer (level 6, -15/38 HPs)
             Began as an Octopode Transmuter on Sept 10, 2021.
             Engulfed by a cloud of flame (18 damage)
             ... on level 3 of the Dungeon.
             The game lasted 00:05:40 (3107 turns).

acemry the Changer (Octopode Transmuter)            Turns: 3107, Time: 00:05:41

Health: -15/38     AC:  1    Str: 10    XL:     6   Next: 12%
Magic:  9/9        EV: 13    Int: 17    God:
Gold:   93         SH:  0    Dex: 12    Spells: 5/9 levels left

rFire    . . .     SeeInvis .   a - +3 quarterstaff (chaos)
rCold    . . .     Faith    .   (shield currently unavailable)
rNeg     . . .     Spirit   .   (helmet restricted)
rPois    .         Reflect  .   (no amulet)
rElec    .         Harm     .   (no ring)
rCorr    .         Rampage  .   (no ring)
Will     .....                  (no ring)
Stlth    ++........             (no ring)
HPRegen  0.12/turn              (no ring)
MPRegen  0.11/turn              (no ring)
                                (no ring)
                                (no ring)

@: no status effects
A: almost no armour, amphibious, 8 rings, camouflage 1, gelatinous body 1,
(nimble swimmer 1), tentacles, sense surroundings 1, wild magic 1
a: no special abilities


You were on level 3 of the Dungeon.
You visited 1 branch of the dungeon, and saw 3 of its levels.

You collected 106 gold pieces.
You spent 13 gold pieces at shops.

Inventory:

Hand Weapons
 a - a +3 quarterstaff of chaos (weapon)
 j - a +1 scythe of venom
Missiles
 h - 12 poisoned darts
Magical Staves
 b - a staff of poison
Jewellery
 o - a ring of fire
Scrolls
 m - 2 scrolls of identify
Potions
 d - a potion of lignification {unknown}
 e - a potion of flight {unknown}
 f - a potion of resistance {unknown}
 i - a potion of invisibility {unknown}
 l - a potion of haste {unknown}


   Skills:
 - Level 1.0 Fighting
 - Level 2.0 Dodging
 - Level 3.0 Unarmed Combat
 - Level 2.0 Spellcasting
 + Level 6.0 Transmutations
 * Level 1.3 Poison Magic


You had 5 spell levels left.
You knew the following spells:

 Your Spells              Type           Power      Damage    Failure   Level
a - Beastly Appendage     Tmut           58%        N/A       3%          1
b - Spider Form           Tmut/Pois      9%         N/A       19%         3

Your spell library contained the following spells:

 Spells                   Type           Power      Damage    Failure   Level
 Wereblood                Tmut           29%        N/A       4%          2
 Dazzling Flash           Conj/Hex       4%         N/A       58%         3
 Ice Form                 Ice/Tmut       15%        N/A       58%         4
 Iskenderun's Mystic Bla  Conj/Tloc      2%         2d3       92%         4
 Starburst                Conj/Fire      1%         6d3       100%        6


Dungeon Overview and Level Annotations

Branches:
Dungeon (3/15)

Altars:
Makhleb
Trog

Shops:
D:2 !


Innate Abilities, Weirdness & Mutations

You cannot wear most types of armour.
You are amphibious.
You can wear up to eight rings at the same time.
Your skin changes colour to match your surroundings (Stealth+).
Your rubbery body absorbs attacks. (AC +1, EV +1)
((You are camouflaged near water. (Stealth+)))
You have tentacles for arms and can constrict up to eight enemies at once.
You passively map a small area around you.
Your spells are a little harder to cast, but a little more powerful.


Message History

You sock the endoplasm!
Lightning courses through the endoplasm!
You kill the endoplasm!
You closely miss the adder. You grab the adder. You constrict the adder.
The adder bites you.
You hit the adder.
The adder is heavily wounded.
You constrict the adder. The adder closely misses you. The adder bites you.
You hit the adder.
You kill the adder!
No target in view!
No target in view!
As you read the scroll labelled HOUTWEOFAESK, it crumbles to dust.
It is a scroll of enchant armour.
You aren't carrying any armour which can be enchanted further.
As you read the scroll labelled WAYXAD YXODGHU, it crumbles to dust.
It is a scroll of enchant weapon.
Your +2 quarterstaff of chaos glows red for a moment.
As you read the scroll labelled BIEHASMECO, it crumbles to dust.
A profound silence engulfs you.
It was a scroll of silence.
Magic scrolls do not work when you're silenced!
Your hearing returns.
m - 2 scrolls of identify (gained 1)
You see here a +0 club.
Found a hand axe.
You see here a +0 hand axe.
A hobgoblin comes into view.
Found 13 gold pieces.
A hobgoblin is nearby!
As you read the scroll labelled HICKOSCH HAAST, it crumbles to dust.
The creatures around you are filled with an inner flame!
It was a scroll of immolation.
The hobgoblin shouts!
You hit the hobgoblin.
The hobgoblin explodes!
The fiery explosion engulfs you!!
Ouch! That really hurt!
* * * LOW HITPOINT WARNING * * *
You are engulfed in blazing flames.
You die...

#.....# #.....# #.....#
#.....# ######
####.....# #### #....##
#####........# #..#
##.##..# #....)##.....#
...#
#..###.###.######.....#
##.#######.## #.@#..#
#.....# ##.#.......#
##§#.## #)#####
........########.§.#
#.# #######.## #......#
#.# # #..# #......# #.#
** ##.# #......# #.#
#.## #......## ##.#
#..# #.......# #..#
##.# #.......### #.##


There were no monsters in sight!

Vanquished Creatures
  Sigmund (D:2)
  Crazy Yiuf (D:2)
  4 adders
  A dart slug (D:1)
  3 orcs (D:3)
  A bat (D:1)
  2 endoplasms
  A giant cockroach (D:3)
  2 goblins (D:2)
  8 hobgoblins
  A quokka (D:2)
  8 ball pythons
  2 rats
35 creatures vanquished.

Notes
Turn   | Place    | Note
-------+----------+-------------------------------------------
     0 | D:1      | acemry the Octopode Transmuter began the quest for the Orb.
     0 | D:1      | Reached XP level 1. HP: 13/13 MP: 3/3
   845 | D:1      | Reached XP level 2. HP: 16/18 MP: 3/5
  1079 | D:1      | Gained mutation: You passively map a small area around you.
                  | [potion of mutation]
  1079 | D:1      | Gained mutation: Your spells are a little harder to cast,
                  | but a little more powerful. [potion of mutation]
  1113 | D:2      | Reached skill level 3 in Transmutations
  1280 | D:2      | Found a faded altar of an unknown god.
  1294 | D:2      | Found Fyll's Distillery.
  1302 | D:2      | Reached XP level 3. HP: 16/23 MP: 4/6
  1306 | D:2      | Learned a level 3 spell: Spider Form
  1405 | D:2      | Bought a potion of degeneration for 13 gold pieces
  1577 | D:2      | Noticed Sigmund
  1625 | D:2      | Found a burning altar of Makhleb.
  2205 | D:2      | Killed Sigmund
  2206 | D:2      | Reached skill level 5 in Transmutations
  2206 | D:2      | Reached XP level 4. HP: 28/28 MP: 7/7
  2206 | D:2      | Reached XP level 5. HP: 33/33 MP: 8/8
  2306 | D:2      | Found a runed translucent door.
  2307 | D:2      | Noticed Crazy Yiuf
  2317 | D:2      | Killed Crazy Yiuf
  2517 | D:3      | Found a bloodstained altar of Trog.
  2692 | D:3      | Reached skill level 6 in Transmutations
  2692 | D:3      | Reached skill level 1 in Poison Magic
  2692 | D:3      | Reached XP level 6. HP: 38/38 MP: 9/9
  3107 | D:3      | Engulfed by a cloud of flame

Illustrated notes

Levels and vault maps discovered:
D:1:      minmay_arrival_up_and_down, layout_loops_corners, serial_forest,
          infiniplex_forest_corner_1, infiniplex_forest_straight_4,
          infiniplex_forest_clump_curved, infiniplex_forest_lined_room_2,
          infiniplex_forest_straight_5
D:2:      layout_basic, serial_shops, nicolae_shop_trees, basic_altar,
          chequers_ecumenical_altar_simple_redux, uniq_crazy_yiuf_cottage,
          uniq_sigmund
D:3:      layout_rooms, marbit_many_paths, kennysheep_pointless_box

Skill      XL: |  1  2  3  4  5 |
---------------+----------------+-----
Transmutations | 3 5 6 |  6.0
Poison Magic   | 1 |  1.3
Fighting       | |  1.0
Dodging        | |  2.0
Unarmed Combat | |  3.0
Spellcasting   | |  2.0

Action                   |  1- 3 |  4- 6 || total
-------------------------+-------+-------++-------
Melee: Unarmed           |    48 |       ||    48
       Constrict         |    16 |     4 ||    20
       Kick              |    13 |       ||    13
       Tentacles         |     8 |     2 ||    10
       Punch             |     1 |       ||     1
       Quarterstaff      |       |    16 ||    16
       Scythe            |       |     2 ||     2
 Cast: Beastly Appendage |    22 |     2 ||    24
  Use: Scroll            |     3 |     4 ||     7
       Potion            |     2 |       ||     2
 Stab: Sleeping          |     6 |     5 ||    11
Armor: Skin              |     2 |     1 ||     3
Dodge: Dodged            |    33 |     3 ||    36
